 Seeded DCSS version 0.30-a0-377-g5cb311bc9f (webtiles) character file.

Game seed: 20221133 (custom seed)

84 McGhostyFace the Nimble (level 4, 0/32 HPs)
             Began as a Gnoll Wanderer on Nov 30, 2022.
             Killed by nerve-wracking pain
             ... invoked by Grinder
              (8 damage)
             ... on level 3 of the Dungeon.
             The game lasted 00:03:03 (1498 turns).

McGhostyFace the Nimble (Gnoll Wanderer)            Turns: 1498, Time: 00:03:03

Health: 0/32       AC:  9    Str:  8    XL:     4   Next: 46%
Magic:  5/5        EV: 10    Int: 11    God:
Gold:   83         SH:  0    Dex: 17    Spells: 5/5 levels left

rFire   x x .      SeeInvis +    a - +2 dagger
rCold   . . .      Faith    .    (no shield)
rNeg    . . .      Spirit   .    j - +0 scale mail
rPois   .          Reflect  .    (no helmet)
rElec   .          Harm     .    (no cloak)
rCorr   .          Rampage  .    d - +0 pair of gloves
Will    .....                    p - +1 pair of boots
Stlth   +.........               (no amulet)
HPRegen 0.25/turn                l - ring of see invisible
MPRegen 0.09/turn                (no ring)

@: no status effects
A: fangs 1, strong nose, distributed training, screaming 1, heat vulnerability 2
a: no special abilities


You were on level 3 of the Dungeon.
You visited 1 branch of the dungeon, and saw 3 of its levels.

You collected 83 gold pieces.

Inventory:

Hand Weapons
 a - a +2 dagger (weapon)
 c - a +0 sling
Missiles
 b - 4 curare-tipped darts (quivered)
 g - 5 atropa-tipped darts
Armour
 d - a +0 pair of gloves (worn)
 f - a +0 robe
 j - a +0 scale mail (worn)
 p - a +1 pair of boots (worn)
Jewellery
 l - a ring of see invisible (left hand)
Scrolls
 e - a scroll of butterflies
 i - a scroll of teleportation {unknown}
 k - a scroll of immolation {unknown}
 m - 2 scrolls of identify {unknown}
 n - a scroll of blinking {unknown}
 o - 3 scrolls of fear {unknown}
 r - a scroll of enchant armour {unknown}
Potions
 h - 2 potions of haste


   Skills:
 + Level 1.2 Fighting
 + Level 1.2 Short Blades
 + Level 1.2 Long Blades
 + Level 1.2 Axes
 + Level 1.2 Maces & Flails
 + Level 1.2 Polearms
 + Level 1.2 Staves
 + Level 6.6 Ranged Weapons
 + Level 6.6 Throwing
 + Level 1.2 Armour
 + Level 8.6 Dodging
 + Level 1.2 Stealth
 + Level 1.2 Shields
 + Level 1.2 Unarmed Combat
 + Level 1.2 Spellcasting
 + Level 1.0 Conjurations
 + Level 1.0 Hexes
 + Level 1.0 Summonings
 + Level 1.0 Necromancy
 + Level 1.0 Translocations
 + Level 1.0 Transmutations
 + Level 1.0 Fire Magic
 + Level 1.0 Ice Magic
 + Level 1.0 Air Magic
 + Level 1.0 Earth Magic
 + Level 1.0 Poison Magic
 + Level 1.3 Invocations
 + Level 1.2 Evocations


You had 5 spell levels left.
You didn't know any spells.
Your spell library contained the following spells:

 Spells                   Type           Power      Damage    Failure   Level
 Summon Small Mammal      Summ           8%         N/A       91%         1
 Call Canine Familiar     Summ           2%         N/A       99%         3
 Gell's Gravitas          Tloc           2%         N/A       99%         3
 Lesser Beckoning         Tloc           4%         N/A       99%         3
 Ozocubu's Armour         Ice            2%         N/A       99%         3
 Summon Guardian Golem    Hex/Summ       2%         N/A       99%         3
 Teleport Other           Tloc           2%         N/A       99%         3
 Ozocubu's Refrigeration  Ice            1%         4d7       100%        7


Dungeon Overview and Level Annotations

Branches:
Dungeon (3/15)

Altars:

Annotations:
D:3 Grinder


Innate Abilities, Weirdness & Mutations

You have very sharp teeth.
Your uncanny sense of smell can sniff out nearby items.
Your experience applies equally to all skills.
You occasionally shout uncontrollably at your foes.
You are very vulnerable to heat. (rF--)


Message History

You are too injured to fight recklessly!
You are too injured to fight recklessly!
You are too injured to fight recklessly!
You are too injured to fight recklessly!
You hit Grinder.
Grinder is severely wounded.
The orc hits you but does no damage.
Grinder rolls her eyes.
Grinder completely misses you.
You closely miss Grinder.
Grinder is severely wounded.
Grinder barely misses you. The orc barely misses you.
You hit Grinder but do no damage.
Grinder is severely wounded.
Grinder hits you.
You writhe in agony.
* * * LOW HITPOINT WARNING * * *
The orc misses you.
You hit Grinder.
Grinder is severely wounded.
Grinder closely misses you. The orc barely misses you.
You hit Grinder.
Grinder is severely wounded.
The orc hits you but does no damage. Grinder barely misses you.
You hit Grinder but do no damage.
Grinder is severely wounded.
The orc hits you but does no damage. Grinder closely misses you.
You hit Grinder.
Grinder is almost dead.
The orc hits you but does no damage.
Grinder blinks!
The orc hits you but does no damage.
There is a stone staircase leading down here.
The orc barely misses you. The orc hits you with a +0 club.
* * * LOW HITPOINT WARNING * * *
You barely miss the orc. Grinder barely misses you. The orc closely misses you.
You hit the orc. You punch the orc, but do no damage. You bite the orc.
The orc is severely wounded.
Grinder gestures at you. Pain shoots through your body!
You die...

###############
#.............#
#.###########.#####.
#.# ###.5.........
##.## #..@o..#.###.#
###.#.#####.###.###.#
#..###......# ....
...
#.#.#.#####.###.###
#.. #.##.## ... #.#
#.##.# ### .# #.##.#
####.##.# .....##.#


You could see Grinder and an orc.

Vanquished Creatures
  Robin (D:2)
  An adder (D:2)
  3 worms
  A ball python (D:1)
  3 endoplasms
  2 giant cockroaches
  14 goblins
  7 hobgoblins
  3 jackals (D:2)
  A quokka (D:1)
  3 bats (D:1)
  A frilled lizard (D:2)
  4 kobolds
  7 rats
51 creatures vanquished.

Vanquished Creatures (others)
  A plant (D:2)
1 creature vanquished.

Grand Total: 52 creatures vanquished

Notes
Turn   | Place    | Note
-------+----------+-------------------------------------------
     0 | D:1      | McGhostyFace the Gnoll Wanderer began the quest for the
                  | Orb.
     0 | D:1      | McGhostyFace set off with the following items: a +2 dagger,
                  | 4 curare-tipped darts, a +0 sling, a +0 pair of gloves, a
                  | scroll of butterflies, a +0 robe.
     0 | D:1      | Reached XP level 1. HP: 13/13 MP: 1/1
   304 | D:1      | Reached XP level 2. HP: 19/19 MP: 2/2
   722 | D:2      | Reached XP level 3. HP: 15/25 MP: 2/4
   799 | D:2      | Reached skill level 1 in Invocations
  1005 | D:2      | Reached skill level 1 in Fighting
  1005 | D:2      | Reached skill level 1 in Short Blades
  1005 | D:2      | Reached skill level 1 in Long Blades
  1005 | D:2      | Reached skill level 1 in Axes
  1005 | D:2      | Reached skill level 1 in Maces & Flails
  1005 | D:2      | Reached skill level 1 in Polearms
  1005 | D:2      | Reached skill level 1 in Staves
  1005 | D:2      | Reached skill level 1 in Armour
  1005 | D:2      | Reached skill level 1 in Stealth
  1005 | D:2      | Reached skill level 1 in Shields
  1005 | D:2      | Reached skill level 1 in Unarmed Combat
  1005 | D:2      | Reached skill level 1 in Spellcasting
  1005 | D:2      | Reached skill level 1 in Evocations
  1125 | D:2      | Noticed Robin
  1134 | D:2      | Reached XP level 4. HP: 27/32 MP: 5/5
  1146 | D:2      | Gained mutation: You have hidden genetic defects. [potion
                  | of mutation]
  1151 | D:2      | Killed Robin
  1180 | D:2      | Gained mutation: You are occasionally teleported next to
                  | monsters. [hidden defects]
  1181 | D:2      | Lost mutation: You are occasionally teleported next to
                  | monsters. [potion of mutation]
  1181 | D:2      | Lost mutation: You have hidden genetic defects. [potion of
                  | mutation]
  1181 | D:2      | Gained mutation: You occasionally shout uncontrollably at
                  | your foes. [potion of mutation]
  1181 | D:2      | Gained mutation: You are vulnerable to heat. (rF-) [potion
                  | of mutation]
  1181 | D:2      | Gained mutation: You are very vulnerable to heat. (rF--)
                  | [potion of mutation]
  1290 | D:2      | Reached skill level 1 in Conjurations
  1290 | D:2      | Reached skill level 1 in Hexes
  1290 | D:2      | Reached skill level 1 in Summonings
  1290 | D:2      | Reached skill level 1 in Necromancy
  1290 | D:2      | Reached skill level 1 in Translocations
  1290 | D:2      | Reached skill level 1 in Transmutations
  1290 | D:2      | Reached skill level 1 in Fire Magic
  1290 | D:2      | Reached skill level 1 in Ice Magic
  1290 | D:2      | Reached skill level 1 in Air Magic
  1290 | D:2      | Reached skill level 1 in Earth Magic
  1290 | D:2      | Reached skill level 1 in Poison Magic
  1478 | D:3      | Noticed Grinder
  1498 | D:3      | Killed from afar by Grinder

Illustrated notes

Levels and vault maps discovered:
D:1:      psy_arrival_basics, layout_basic
D:2:      layout_basic, serial_bayou_pond_c, uniq_robin
D:3:      layout_loops_ring, general_overflow_altar, minmay_tree_intersection,
          minmay_misc_feat_ornament, uniq_crazy_yiuf_cottage, uniq_sigmund,
          uniq_grinder

Skill      XL: |  1  2  3  4 |
---------------+-------------+-----
Invocations    | 1 |  1.3
Fighting       | 1 |  1.2
Short Blades   | 1 |  1.2
Long Blades    | 1 |  1.2
Axes           | 1 |  1.2
Maces & Flails | 1 |  1.2
Polearms       | 1 |  1.2
Staves         | 1 |  1.2
Armour         | 1 |  1.2
Stealth        | 1 |  1.2
Shields        | 1 |  1.2
Unarmed Combat | 1 |  1.2
Spellcasting   | 1 |  1.2
Evocations     | 1 |  1.2
Conjurations   | 1 |  1.0
Hexes          | 1 |  1.0
Summonings     | 1 |  1.0
Necromancy     | 1 |  1.0
Translocations | 1 |  1.0
Transmutations | 1 |  1.0
Fire Magic     | 1 |  1.0
Ice Magic      | 1 |  1.0
Air Magic      | 1 |  1.0
Earth Magic    | 1 |  1.0
Poison Magic   | 1 |  1.0
Ranged Weapons | |  6.6
Throwing       | |  6.6
Dodging        | |  8.6

Action                   |  1- 3 |  4- 6 || total
-------------------------+-------+-------++-------
Melee: Dagger            |       |    88 ||    88
       Bite              |       |     8 ||     8
       Punch             |       |     2 ||     2
 Fire: Sling             |   118 |     5 ||   123
  Use: Potion            |       |     4 ||     4
Armor: Scale mail        |    34 |    32 ||    66
Dodge: Dodged            |    35 |    52 ||    87

Table legend: (Time is in decaauts)
 A = Elapsed time spent in this place.
 B = Non-inter-level travel time spent in this place.
 C = Inter-level travel time spent in this place.
 D = Time resting spent in this place.
 E = Time spent auto-exploring this place.
 F = Levels seen in this place.
 G = Mean time per level.
                   A        B        C        D        E       F      G
               +--------+--------+--------+--------+--------+-----+--------+
         Total |   1532 |   1483 |     49 |     12 |   1074 |   3 |  510.7 |
       Dungeon |   1532 |   1483 |     49 |     12 |   1074 |   3 |  510.7 |
               +--------+--------+--------+--------+--------+-----+--------+

Top non-repeatable levels by time:
     D:1: 707 daAuts
     D:2: 664 daAuts
     D:3: 160 daAuts
